Map: Emerald City LE

Players

Celamarda - Winner!

  • Race: Zerg Zerg

jeipy - Winner!

  • Race: Zerg Zerg
  • League: Master

qqq

  • Race: Zerg Zerg

Massa

  • Race: Terran Terran
  • League: Platinum

VOD

Have the link to the VOD?

Description

Time

  • Played on: April 22, 2021, 3:18 p.m.
  • Length: 8:41
Show
View Real Time Build Order
Export as new Build Order

Celamarda Zerg - Winner!

Build Orders: Hatch First 

Get SALT Encoding   

  12  0:00  Drone  
  13  0:12  Overlord  
  13  0:17  Drone  
  14  0:30  Drone x2  
  14  0:35  Drone  
  17  0:53  Hatchery  
  17  0:56  Drone  
  17  1:00  Drone  
  18  1:10  Extractor  
  17  1:16  Spawning Pool  
  16  1:18  Drone  
  16  1:22  Drone  
  18  1:28  Drone  
  19  1:39  Overlord  
  19  2:02  Drone  
  19  2:03  Queen  
  19  2:05  Queen  
  19  2:06  Zergling x2  
  19  2:07  Zergling x2  
  26  2:13  Metabolic Boost  
  26  2:22  Drone  
  27  2:23  Drone x2  
  29  2:30  Drone  
  29  2:34  Overlord  
  30  2:46  Queen  
  32  2:57  Drone x4  
  36  3:07  Overlord  
  36  3:08  Drone  
  37  3:18  Roach Warren  
  36  3:28  Queen  
  36  3:30  Lair  
  36  3:33  Drone x6  
  44  3:38  Overlord  
  44  3:51  Extractor  
  44  3:52  Drone x3  
  44  3:53  Extractor, Drone  
  44  3:54  Drone  
  47  4:10  Hatchery  
  47  4:14  Queen  
  48  4:26  Drone x3  
  48  4:30  Zergling x10  
  56  4:41  Pneumatized Carapace  
  56  4:42  Overseer  
  49  5:01  Zergling x18  
  56  5:23  Roach x5  
  66  5:37  Overlord x3  
  66  5:38  Overlord  
  66  5:45  Overlord  
  66  5:55  Queen x3, Glial Reconstitution  
  66  5:56  Roach x4  
  80  5:59  Roach  
  80  6:00  Roach x4  
  81  6:12  Overseer  
  81  6:15  Drone x2  
  81  6:18  Roach x7  
  97  6:28  Drone x4  
  95  6:49  Overlord x5  
  95  6:50  Overlord x2  
  95  6:51  Overseer  
  95  7:05  Overlord x3  
  95  7:16  Drone x11  
  95  7:21  Ravager  
  95  7:22  Ravager  
  108  7:23  Ravager  
  108  7:24  Ravager x6  
  108  7:26  Roach  
  117  7:51  Roach x9  
  133  8:02  Zergling x4  
  133  8:03  Zergling x16  
  143  8:22  Hydralisk Den  
  142  8:31  Hatchery  
Show
View Real Time Build Order
Export as new Build Order

jeipy Zerg - Winner!

Build Orders: Hatch First 

Get SALT Encoding   

  12  0:00  Drone  
  13  0:12  Overlord  
  13  0:17  Drone  
  14  0:30  Drone x2  
  16  0:49  Hatchery  
  15  0:51  Drone  
  15  0:54  Drone  
  17  0:58  Drone  
  18  1:08  Extractor  
  17  1:13  Spawning Pool  
  17  1:16  Drone  
  17  1:20  Drone  
  18  1:27  Drone  
  19  1:39  Drone  
  20  1:50  Overlord  
  20  2:00  Queen x2  
  24  2:02  Zergling x4  
  26  2:09  Metabolic Boost  
  26  2:10  Drone  
  27  2:18  Drone  
  28  2:23  Drone x2  
  28  2:29  Baneling Nest  
  29  2:36  Drone x2  
  31  2:52  Hatchery  
  31  2:55  Queen  
  32  3:03  Overlord  
  32  3:10  Overlord  
  36  3:27  Drone x8  
  40  3:42  Overlord  
  40  3:44  Overlord  
  40  3:47  Baneling x4  
  40  3:48  Zergling x2  
  40  3:49  Zergling x4  
  43  3:58  Overlord x2  
  43  4:07  Queen  
  45  4:14  Zergling x2  
  45  4:15  Zergling x10  
  51  4:32  Lair  
  51  4:43  Zergling x6  
  51  4:44  Zergling x12  
  55  4:55  Baneling x2  
  55  4:57  Zergling x14  
  62  5:02  Baneling x3  
  62  5:09  Drone x3  
  62  5:12  Extractor  
  51  5:47  Drone x15  
  66  5:51  Overseer x2  
  66  5:58  Extractor  
  66  5:59  Extractor  
  66  6:01  Centrifical Hooks  
  57  6:12  Zergling x16  
  65  6:18  Hatchery  
  64  6:26  Zergling x4  
  64  6:28  Overlord x4  
  64  6:30  Pneumatized Carapace  
  66  6:34  Overseer  
  66  6:35  Overseer  
  64  6:40  Overseer x2  
  64  6:53  Zergling x34  
  79  7:05  Spore Crawler  
  79  7:06  Spine Crawler  
  77  7:08  Spore Crawler  
  77  7:09  Spore Crawler  
  77  7:13  Queen  
  77  7:15  Drone x4  
  74  7:41  Zergling x22  
  74  7:42  Zergling x6  
  75  7:51  Zergling x2  
  75  7:52  Zergling x4  
  75  7:58  Zergling x2  
  79  8:03  Baneling x9  
  81  8:05  Drone x8  
  81  8:11  Drone x4  
Show
View Real Time Build Order
Export as new Build Order

qqq Zerg 

Build Orders: Hatch First 

Get SALT Encoding   

  12  0:04  Drone  
  13  0:12  Drone  
  14  0:17  Overlord  
  14  0:46  Hatchery  
  13  0:54  Drone  
  13  0:55  Drone  
  13  0:56  Drone  
  16  1:16  Spawning Pool  
  16  1:17  Extractor  
  16  1:18  Drone  
  15  1:21  Drone  
  16  1:28  Drone  
  17  1:37  Drone  
  18  1:49  Drone  
  19  1:59  Drone  
  19  2:01  Drone  
  21  2:03  Queen  
  21  2:05  Queen  
  25  2:22  Zergling x2  
  26  2:23  Zergling x2  
  26  2:24  Overlord  
  26  2:26  Drone  
  28  2:36  Metabolic Boost  
  28  2:42  Overlord x2  
  28  3:02  Zergling x10  
  33  3:07  Baneling Nest  
  33  3:11  Drone  
  33  3:13  Evolution Chamber  
  33  3:15  Drone  
  33  3:21  Drone x2  
  33  3:24  Drone  
  36  3:41  Drone x4  
  40  3:49  Zerg Melee Weapons Level 1  
  40  3:59  Drone, Zergling x4  
  40  4:00  Zergling x4, Overlord  
  45  4:07  Lair  
  45  4:12  Zergling x2  
  45  4:14  Baneling x2  
  46  4:17  Zergling x2  
  46  4:18  Drone, Zergling x2  
  49  4:25  Zergling x2  
  49  4:26  Zergling x2, Overlord  
  49  4:27  Drone  
  49  4:31  Drone x2  
  54  4:42  Zergling x8  
  46  5:16  Drone x5, Zergling x2  
  46  5:17  Zergling x2  
  46  5:20  Hatchery, Baneling  
  46  5:21  Baneling  
  49  5:27  Extractor, Drone  
  49  5:28  Drone  
  49  5:32  Zergling x2  
  48  5:36  Baneling x2  
  48  5:39  Zergling x2  
  48  5:42  Baneling x2  
  47  5:45  Zergling x2  
  48  5:50  Drone  
  49  6:06  Extractor  
  49  6:07  Extractor  
  49  6:08  Drone x3  
  50  6:23  Drone x3  
  53  6:27  Spire  
  53  6:32  Hatchery, Queen  
  53  6:33  Drone x3  
  56  6:44  Hatchery  
  55  6:54  Zergling x8  
  59  7:03  Infestation Pit  
  58  7:09  Drone, Zergling x12  
  58  7:10  Drone x2, Zergling x2  
  68  7:24  Spine Crawler  
  62  7:40  Mutalisk x3  
  62  7:41  Mutalisk  
  65  7:47  Mutalisk  
  61  8:01  Mutalisk  
  61  8:02  Drone x4  
  61  8:03  Drone, Overlord  
  61  8:04  Overlord x2  
Show
View Real Time Build Order
Export as new Build Order

Massa Terran 

Build Orders: 2 Factory 

Get SALT Encoding   

  12  0:00  SCV  
  13  0:12  SCV  
  14  0:23  Supply Depot  
  14  0:24  SCV  
  15  0:31  Refinery  
  15  0:45  SCV  
  15  0:46  Barracks  
  16  0:57  SCV  
  16  1:03  Refinery  
  17  1:09  SCV  
  18  1:17  Supply Depot  
  18  1:21  SCV  
  19  1:33  Factory  
  19  1:44  Orbital Command  
  19  1:52  Barracks Reactor  
  19  2:01  Factory  
  19  2:09  SCV  
  20  2:27  Armory  
  22  2:37  Widow Mine x2  
  22  2:38  Barracks Tech Lab  
  22  2:42  SCV  
  27  2:58  Widow Mine  
  27  2:59  Widow Mine  
  27  3:04  Widow Mine  
  31  3:14  Drilling Claws  
  31  3:21  Supply Depot  
  31  3:30  Supply Depot  
  31  3:43  Widow Mine x3, SCV  
  38  3:55  Marine  
  39  3:57  Command Center  
  39  3:59  SCV  
  40  4:04  Widow Mine  
  40  4:05  Widow Mine x2  
  46  4:13  Marine  
  47  4:34  Supply Depot  
  47  4:36  Supply Depot  
  47  4:51  Widow Mine x3  
  39  5:04  SCV  
  40  5:07  Barracks Tech Lab  
  40  5:09  Orbital Command  
  40  5:12  Widow Mine x3  
  46  5:17  SCV  
  45  5:29  SCV  
  45  5:33  Stimpack  
  45  5:34  Widow Mine x3, Marine  
  53  5:52  Marine  
  53  5:55  Widow Mine x2  
  57  6:14  Widow Mine  
  57  6:15  SCV x2  
  57  6:16  Widow Mine x2  
  65  6:20  Starport  
  65  6:25  Barracks  
  65  6:27  SCV x2  
  67  6:35  Widow Mine  
  67  6:39  SCV  
  59  6:40  SCV  
  59  6:42  Widow Mine x2  
  61  6:51  SCV  
  61  6:52  SCV  
  52  6:57  Widow Mine  
  50  7:02  Marine  
  50  7:03  Widow Mine, Starport Reactor  
  50  7:04  Widow Mine, SCV x2  
  57  7:08  Refinery  
  57  7:09  Refinery  
  57  7:12  Command Center  
  57  7:16  Barracks Reactor, SCV  
  57  7:18  Widow Mine  
  57  7:19  Marine  
  57  7:20  SCV  
  62  7:25  Widow Mine  
  62  7:28  SCV  
  65  7:32  SCV  
  66  7:40  SCV  
  66  7:41  Widow Mine x2  
  67  7:46  Widow Mine  
  60  8:00  Marauder, Marine x2  
  60  8:02  Widow Mine x2  
  67  8:08  Widow Mine  
  63  8:17  Marine  
  63  8:18  Marine  
Tags
 
Add a new tag
Caveats
  • Supply blocks, unpowered buildings, or Contaminate may cause inaccurate times.
  • Supply counts are checked every 10 seconds.